 Dungeon Crawl Stone Soup version 0.30-a0-1043-g60ff8d5f49 (webtiles) character file.

Game seed: 11559940400274870527

266 mandoloar the Insei (level 6, 0/61 HPs)
             Began as an Octopode Transmuter on Apr 10, 2023.
             Slain by a gnoll
             ... wielding a +0 club
             ... led by a gnoll bouda
              (6 damage)
             ... on level 4 of the Dungeon.
             The game lasted 00:13:18 (4323 turns).

mandoloar the Insei (Octopode Transmuter)           Turns: 4323, Time: 00:13:18

Health: 0/61       AC: 23    Str:  9    XL:     6   Next: 20%
Magic:  7/10       EV:  2    Int: 17    God:
Gold:   97         SH:  0    Dex: 13    Spells: 4/11 levels left

rFire   . . .      SeeInvis .      - Unarmed
rCold   . . .      Faith    .    (no shield)
rNeg    . . .      Spirit   .    (helmet currently unavailable)
rPois   +          Reflect  .    (no amulet)
rElec   .          Rampage  .    (no ring)
rCorr   .          NoTele   +    (no ring)
Will    .....                    (no ring)
Stlth   +                        (no ring)
HPRegen 0.30/turn                (no ring)
MPRegen 0.12/turn                (no ring)
                                 (no ring)
                                 (no ring)

@: tree-form, very slightly contaminated
A: stationary, stasis, torment immunity, boosted hp, almost no armour,
(amphibious), 8 rings, (camouflage 1), (gelatinous body 1), (nimble swimmer 1),
(tentacles)
a: no special abilities


You were on level 4 of the Dungeon.
You were a tree.
You visited 1 branch of the dungeon, and saw 4 of its levels.

You collected 97 gold pieces.

Inventory:

Hand Weapons
 a - a +0 sling
Scrolls
 d - 5 scrolls of identify {unknown}
 e - a scroll of silence {unknown}
 f - a scroll of vulnerability {unknown}
 j - a scroll of noise {unknown}
 l - a scroll of fog {unknown}
 m - a scroll of fear {unknown}
Potions
 b - 2 potions of curing {unknown}
 c - 2 potions of brilliance {unknown}
 g - a potion of heal wounds {unknown}
 h - a potion of haste {unknown}
 i - a potion of attraction {unknown}
 n - a potion of flight {unknown}
 o - a potion of mutation {unknown}


   Skills:
 + Level 2.6 Fighting
 + Level 3.0 Dodging
 + Level 3.7 Unarmed Combat
 + Level 3.0 Spellcasting
 + Level 3.0 Transmutations
 + Level 2.1 Ice Magic


You had 4 spell levels left.
You knew the following spells:

 Your Spells              Type           Power      Damage    Failure   Level
a - Beastly Appendage     Tmut           26%        N/A       4%          1
b - Wereblood             Tmut           13%        N/A       8%          2
c - Ice Form              Ice/Tmut       11%        N/A       52%         4

Your spell library contained the following spells:

 Spells                   Type           Power      Damage    Failure   Level
 Static Discharge         Conj/Air       4%         2-3/arc   26%         2
 Spider Form              Tmut/Pois      7%         N/A       28%         3
 Portal Projectile        Hex/Tloc       4%         N/A       45%         3
 Summon Guardian Golem    Hex/Summ       2%         N/A       45%         3
 Tukima's Dance           Hex            2%         N/A       45%         3
 Airstrike                Air            1%         2d(1-17)  86%         4
 Summon Lightning Spire   Summ/Air       2%         N/A       86%         4
 Blade Hands              Tmut           6%         N/A       80%         5
 Orb of Destruction       Conj           1%         9d5       100%        7
 Spellforged Servitor     Conj/Summ      1%         N/A       100%        7


Dungeon Overview and Level Annotations

Branches:
Dungeon (4/15)
 Temple: D:4-7

Altars:
Ashenzari

Shops:
D:1 (


Innate Abilities, Weirdness & Mutations

You are a tree.
Your roots penetrate the ground, keeping you stationary.
You cannot be teleported.
You are immune to unholy pain and torment.
Your maximum health is greatly increased.
You cannot wear most types of armour.
((You are amphibious.))
You can wear up to eight rings at the same time.
((Your skin changes colour to match your surroundings (Stealth+).))
((Your rubbery body absorbs attacks. (AC +1, EV +1)))
((You are camouflaged when in or above water. (Stealth+)))
((You have tentacles for arms and can constrict up to eight enemies at once.))


Message History

* * * LOW HITPOINT WARNING * * *
You smack the gnoll bouda!
You kill the gnoll bouda!
The gnoll hits you but does no damage. x2
The gnoll hits you with a +2 flail of protection.
* * * LOW HITPOINT WARNING * * *
Your Spellcasting skill increases to level 3!
You hit the gnoll.
The gnoll is heavily wounded.
The gnoll is no longer moving quickly.
The gnoll hits you but does no damage.
The gnoll hits you from afar with a +0 spear.
* * * LOW HITPOINT WARNING * * *
The gnoll hits you but does no damage.
You smack the gnoll!
You kill the gnoll!
The gnoll hits you but does no damage.
A gnoll comes into view. It is wielding a +0 halberd.
The gnoll hits you but does no damage.
The gnoll shouts!
You hit the gnoll.
The gnoll is lightly wounded.
The gnoll hits you from afar with a +0 spear.
* * * LOW HITPOINT WARNING * * *
The gnoll hits you but does no damage. x2
Okay, then.
Okay, then.
You barely miss the gnoll.
The gnoll is lightly wounded.
The gnoll hits you but does no damage. x3
You barely miss the gnoll.
The gnoll is lightly wounded.
The gnoll hits you but does no damage. x3
You hit the gnoll.
The gnoll is heavily wounded.
The gnoll is no longer moving quickly.
The gnoll hits you but does no damage.
You hit the gnoll.
The gnoll is severely wounded.
A ball python comes into view.
The gnoll hits you but does no damage. x2; The gnoll hits you with a +0 club.
You die...

..... .. .... g. ##
##..###. #. ##..# ..# #.
#...# ..#. ... ..
##†.###..#. #..
#.##..#...#..###..
######.#...#...# ..#..
.......#♣..#...##..#.
#...Jg###.###..#..###.#
......gg.........#.......
.S..#...###.###..#..# .
.......#. .#...##..#...#
# ..... . .#...#...# ..#
....?.. #. #...#..###..#
#...... ...###..#...# .#
##..... ... #...#...# .


You could see 3 gnolls, an endoplasm and a ball python (wandering, blind).

Vanquished Creatures
  A jelly (D:4)
  A gnoll bouda (D:4)
  An iguana (D:4)
  A sleepcap (D:3)
  An adder (D:2)
  5 gnolls
  3 worms
  6 dart slugs
  2 orcs
  3 ball pythons
  3 bats
  7 endoplasms
  6 giant cockroaches
  7 goblins
  7 hobgoblins
  2 jackals (D:2)
  3 kobolds
  6 quokkas
  5 frilled lizards
  4 rats
74 creatures vanquished.

Notes
Turn   | Place    | Note
-------+----------+-------------------------------------------
     0 | D:1      | mandoloar the Octopode Transmuter began the quest for the
                  | Orb.
     0 | D:1      | Reached XP level 1. HP: 13/13 MP: 3/3
   119 | D:1      | Reached XP level 2. HP: 15/18 MP: 5/5
   234 | D:1      | Learned a level 2 spell: Wereblood
   750 | D:1      | Reached XP level 3. HP: 23/23 MP: 6/6
   912 | D:1      | Found Ybbiefruff's Weapon Shoppe.
  1304 | D:2      | Reached skill level 1 in Ice Magic
  1471 | D:2      | Found a faded altar of an unknown god.
  1618 | D:2      | Reached XP level 4. HP: 19/29 MP: 5/7
  1702 | D:2      | Learned a level 4 spell: Ice Form
  2799 | D:3      | Found a broken altar of Ashenzari.
  2975 | D:3      | Reached XP level 5. HP: 34/34 MP: 6/9
  4224 | D:4      | Reached XP level 6. HP: 34/41 MP: 8/10
  4323 | D:4      | Slain by a gnoll

Illustrated notes

Levels and vault maps discovered:
D:1:      zaba_arrival_water, layout_basic, serial_shops, nicolae_shop_crystal
D:2:      layout_rooms, hellmonk_ecumenical_altar_crossroads
D:3:      layout_basic, mainiacjoe_overflow_concentric_impassable
D:4:      layout_loops_cross, nicolae_ru_great_annihilating_truth,
          cheibriados_altar_1, nicolae_titane

Skill      XL: |  1  2  3  4  5  6 |
---------------+-------------------+-----
Ice Magic      | 1 2 |  2.1
Fighting       | 2 |  2.6
Dodging        | 3 |  3.0
Transmutations | 3 |  3.0
Spellcasting   | 3 |  3.0
Unarmed Combat | |  3.7

Action                     |  1- 3 |  4- 6 || total
---------------------------+-------+-------++-------
  Melee: Unarmed           |    77 |    89 ||   166
         Constrict         |    20 |    22 ||    42
         Tentacles         |    13 |    26 ||    39
         Kick              |    18 |    29 ||    47
         Punch             |     3 |     3 ||     6
   Fire: Sling             |       |    16 ||    16
  Throw: Stone             |     1 |       ||     1
   Cast: Beastly Appendage |    26 |    30 ||    56
    Use: Scroll            |     2 |       ||     2
         Potion            |       |     1 ||     1
   Stab: Sleeping          |     3 |     4 ||     7
 Armour: Skin              |     5 |    28 ||    33
  Dodge: Dodged            |    55 |    71 ||   126

Table legend: (Time is in decaauts)
 A = Elapsed time spent in this place.
 B = Non-inter-level travel time spent in this place.
 C = Inter-level travel time spent in this place.
 D = Time resting spent in this place.
 E = Time spent auto-exploring this place.
 F = Levels seen in this place.
 G = Mean time per level.
                   A        B        C        D        E       F      G
               +--------+--------+--------+--------+--------+-----+--------+
         Total |   4314 |   4118 |    196 |   1900 |   1525 |   4 | 1078.5 |
       Dungeon |   4314 |   4118 |    196 |   1900 |   1525 |   4 | 1078.5 |
               +--------+--------+--------+--------+--------+-----+--------+

Top non-repeatable levels by time:
     D:3: 1644 daAuts
     D:1: 1277 daAuts
     D:2: 1004 daAuts
     D:4: 388 daAuts
